 Dungeon Crawl Stone Soup version 0.19-a0-944-gb338e1e (webtiles) character file.

596 Implojin the Cleaver (level 7, -6/60 HPs)
             Began as a Minotaur Fighter on July 9, 2016.
             Was a Believer of Okawaru.
             Mangled by a gnoll
             ... wielding a +1 whip of electrocution
              (15 damage)
             ... on level 6 of the Dungeon.
             The game lasted 00:04:45 (627 turns).

Implojin the Cleaver (Minotaur Fighter)              Turns: 627, Time: 00:04:45

Health: -6/60      AC:  8    Str: 21    XL:     7   Next: 17%
Magic:  1/6        EV:  7    Int:  5    God:    Okawaru [**....]
Gold:   47         SH:  9    Dex: 11    Spells: 0 memorised, 6 levels left

rFire  + . .     SeeInvis .     a - +0 war axe
rCold  . . .     Gourm    .     b - +0 scale mail
rNeg   . . .     Faith    .     c - +0 shield
rPois  .         Spirit   .     (helmet restricted)
rElec  .         Dismiss  .     l - +0 cloak
rCorr  .         Reflect  .     (no gloves)
SustAt .         Harm     .     (no boots)
MR     .....                    (no amulet)
Stlth  ..........               (no ring)
                                e - ring of protection from fire

@: not resistant to hostile enchantments, extremely unstealthy
A: retaliatory headbutt, horns 2
a: Heroism, Renounce Religion


You were on level 6 of the Dungeon.
You worshipped Okawaru.
Okawaru was pleased with you.
You were not hungry.

You visited 1 branch of the dungeon, and saw 6 of its levels.

You collected 47 gold pieces.

Inventory:

Hand Weapons
 a - a +0 war axe (weapon)
 g - a +0 flail
 h - the cursed +1 falchion of the End {vamp, rN+, unknown}
   (You found it on level 6 of the Dungeon)

   It inflicts no extra harm, but heals its wielder somewhat when it strikes a
   living foe.
   It protects you from negative energy.
   It has a curse placed upon it.
 j - a +0 blowgun
 o - a cursed -2 hand axe
Missiles
 k - 11 poisoned needles
Armour
 b - a +0 scale mail (worn)
 c - a +0 shield (worn)
 l - a +0 cloak (worn)
 q - the +0 robe "Joychob" {rCorr Dex+2, unknown}
   (You found it on level 6 of the Dungeon)

   It affects your dexterity (+2).
   It protects you from acid and corrosion.
Jewellery
 e - a ring of protection from fire (left hand)
Scrolls
 m - a scroll of amnesia {unknown}
 p - 2 scrolls of teleportation {unknown}
Potions
 i - a potion of curing
 n - a potion of heal wounds {unknown}
Comestibles
 d - a meat ration
 f - 5 bread rations


   Skills:
 * Level 4.8 Fighting
 - Level 9.0 Axes
 - Level 3.6 Armour
 - Level 3.6 Shields


You had 6 spell levels left.
You didn't know any spells.

Dungeon Overview and Level Annotations

Branches:
Dungeon (6/15)
 Temple: D:4-7

Altars:
Okawaru
Pakellas

Shops:
D:5 :


Innate Abilities, Weirdness & Mutations

You reflexively headbutt those who attack you in melee.
You have a pair of horns on your head.


Message History

You headbutt the water moccasin!
You kill the water moccasin!
Okawaru accepts your kill.
Your Fighting skill increases to level 4!
You have reached level 7!
The gnoll hits you but does no damage.
Unknown command.
You gain the combat prowess of a mighty hero.
You block the gnoll's attack.
Unknown command.
You hit the gnoll. Your headbutt misses the gnoll.
The gnoll is lightly wounded.
The gnoll barely misses you. You furiously retaliate!
You headbutt the gnoll! You closely miss the gnoll.
Your headbutt misses the gnoll.
The gnoll is severely wounded.
You block the gnoll's attack.
You slash the gnoll!
You kill the gnoll!
Okawaru accepts your kill.
You slash the gnoll!
You headbutt the gnoll, but do no damage.
The gnoll is heavily wounded.
The gnoll hits you with a whip of electrocution.
* * * LOW HITPOINT WARNING * * *
You are electrocuted!
* * * LOW HITPOINT WARNING * * *
The gnoll barely misses you.
You feel like a meek peon again.
You don't have enough magic at the moment.
Unknown command.
You don't have enough magic at the moment.
Unknown command.
Unknown command.
You don't have enough magic at the moment.
Unknown command.
You feel better.
The gnoll hits you with a whip of electrocution.
* * * LOW HITPOINT WARNING * * *
You are electrocuted!
You die...

#............. .....
.....##......##......
....###......##.....#
.............##.....###.# ..
.............##.....'...# ...
#........##.........# ..##...
#........##.........# .......
.........##.........# .......
.........##...).@...##.......
...............g#####)†......
............####.g...†.......
............###..g...........
.....#....††.##..............
.............##..............
.............###........#....
.............# #........#....
...######....# #........# #.#


You could see a gnoll.

Vanquished Creatures
  A water moccasin (D:6)
  An ogre (D:6)
  2 sky beasts (D:6)
  A giant frog (D:6)
  3 orc wizards (D:4)
  A worker ant (D:4)
  A gnoll (D:6)
  2 adders (D:6)
  An ooze (D:4)
  3 orcs (D:4)
  3 giant cockroaches
  A hobgoblin (D:2)
  4 jackals
  A kobold (D:3)
  2 quokkas
  2 ball pythons
  A giant newt (D:6)
30 creatures vanquished.

Notes
Turn   | Place    | Note
-------+----------+-------------------------------------------
     0 | D:1      | Implojin the Minotaur Fighter began the quest for the Orb.
     0 | D:1      | Reached XP level 1. HP: 19/19 MP: 0/0
    46 | D:2      | Found an iron altar of Okawaru.
    54 | D:2      | Became a worshipper of Warmaster Okawaru
    70 | D:2      | Reached skill level 3 in Axes
   113 | D:3      | Reached XP level 2. HP: 24/26 MP: 1/1
   135 | D:4      | Found an oddly glowing altar of Pakellas.
   158 | D:4      | Reached skill level 4 in Axes
   158 | D:4      | Reached XP level 3. HP: 19/31 MP: 2/2
   283 | D:4      | Reached skill level 5 in Axes
   283 | D:4      | Reached XP level 4. HP: 19/39 MP: 3/3
   368 | D:4      | Reached skill level 6 in Axes
   368 | D:4      | Reached XP level 5. HP: 17/45 MP: 4/4
   381 | D:5      | Entered Level 5 of the Dungeon
   449 | D:5      | Noticed a sky beast
   456 | D:5      | Found Cukaqext's Book Boutique.
   522 | D:6      | Killed a sky beast
   522 | D:6      | Reached * piety under Okawaru
   522 | D:6      | Reached skill level 7 in Axes
   561 | D:6      | Got a bloodstained falchion
   579 | D:6      | Noticed an ogre
   580 | D:6      | Got a transparent robe
   585 | D:6      | Noticed a sky beast
   590 | D:6      | Killed an ogre
   590 | D:6      | Reached skill level 8 in Axes
   590 | D:6      | Reached XP level 6. HP: 12/51 MP: 2/5
   595 | D:6      | Killed a sky beast
   595 | D:6      | Reached ** piety under Okawaru
   606 | D:6      | Noticed a water moccasin
   608 | D:6      | Reached skill level 9 in Axes
   615 | D:6      | Killed a water moccasin
   615 | D:6      | Reached skill level 4 in Fighting
   615 | D:6      | Reached XP level 7. HP: 16/60 MP: 2/6
   621 | D:6      | HP: 3/60 [gnoll/whip of electrocution (11)]
   627 | D:6      | Mangled by a gnoll

Vault maps used:
D:1:      dpeg_arrival_boxorama
D:2:      good_gods_mini_temple, okawaru_ov_weapons_minmay
D:3:      serial_corexii_hall, corexii_hall_statues_i, corexii_hall_statues_l,
          uniq_natasha
D:4:      lemuel_upstairs_altar, yredelemnul_altar_generic, serial_glass,
          glass_columns_a, glass_columns_c, first_bread, st_stairs_3,
          grunt_pakellas_sulfur
D:5:      serial_shops, nicolae_shop_waterfront, minmay_misc_feat_rows,
          serial_bayou_pond_a
D:6:      kennysheep_little_box, uniq_duvessa

Skill      XL: |  1  2  3  4  5  6 |
---------------+-------------------+-----
Axes           | 3 4 5 6 8 9 |  9.0
Fighting       | 4 |  4.8
Armour         | |  3.6
Shields        | |  3.6

Action                   |  1- 3 |  4- 6 |  7- 9 || total
-------------------------+-------+-------+-------++-------
Melee: War axe           |    23 |    74 |     4 ||   101
       Headbutt          |     1 |    12 |     1 ||    14
Invok: Heroism           |       |     2 |     1 ||     3
  Use: Potion            |     1 |     1 |     1 ||     3
       Scroll            |     1 |     1 |       ||     2
Armor: Scale mail        |    11 |    23 |     1 ||    35
Dodge: Dodged            |    10 |    22 |     2 ||    34
Block: Shield            |    19 |    30 |     2 ||    51

Table legend:
 A = Turns spent in this place as a percentage of turns spent in the entire game.
 B = Non-inter-level travel turns spent in this place as a percentage of non-inter-level travel turns spent in the entire game.
 C = Inter-level travel turns spent in this place as a percentage of turns spent in this place.
 D = Turns resting spent in this place as a percentage of non-inter-level travel turns spent in this place.
 E = Turns spent auto-exploring this place as a percentage of non-inter-level travel turns spent in this place.
 F = Non-inter-level travel turns spent in this place divided by the number of levels of this place that you've seen.
                   A       B       C       D       E      F
               +-------+-------+-------+-------+-------+----------------------
         Total | 100.0 | 100.0 |   0.0 |   0.0 |   0.0 | 109.7
       Dungeon | 100.0 | 100.0 |   0.0 |   0.0 |   0.0 | 109.7
               +-------+-------+-------+-------+-------+----------------------

Table legend:
 A = Kills in this place as a percentage of kills in entire the game.
 B = Kills by you in this place as a percentage of kills by you in the entire game.
 C = Kills by friends in this place as a percentage of kills by friends in the entire game.
 D = Other kills in this place as a percentage of other kills in the entire game.
 E = Experience gained in this place as a percentage of experience gained in the entire game.
 F = Experience gained in this place divided by the number of levels of this place that you have seen.
                   A       B       C       D       E      F
               +-------+-------+-------+-------+-------+----------------------
         Total | 100.0 | 100.0 |  -nan |  -nan | 100.0 | 142.0
       Dungeon | 100.0 | 100.0 |  -nan |  -nan | 100.0 | 142.0
               +-------+-------+-------+-------+-------+----------------------
